AoeStats
← Abdusancak

Black Forest

506163971Analyzed
2v2 RM · 20d ago on Sep 12, 2026· 71m 16s· 4 players
Game mode
Random Map
Map size
Medium (4 player)
Population
200
Speed
Normal
Resources
Standard
Victory
Conquest
Starting age
Dark Age
Ending age
Imperial Age
RankedLock teamsTeams togetherTeam positionsShared explorationLock speedFull tech treeHidden civsTurbo modeCheats
Victory
Defeat
🇹🇷 Malay · Türkiye
658
+13
🇹🇷 Lithuanians · Türkiye
644
+20
🇦🇷 Italians · Argentina
584
-13
🇪🇸 Britons · Spain
581
-13
BIKO01
17:30 Feudal Age
19:49 Stone Mining
19:49 Gold Mining
19:50 Double-Bit Axe
30:31 Fletching
34:59 Wheelbarrow
35:50 Padded Archer Armor
39:03 Castle Age
37:53 Scale Mail Armor
39:56 Crossbowman
42:24 Bow Saw
42:39 Horse Collar
43:47 Hand Cart
43:19 Loom
46:03 Yeomen
47:04 Ballistics
46:26 Treadmill Crane
46:37 Guard Tower
46:59 Fortified Wall
51:34 Gold Shaft Mining
51:04 Heavy Plow
50:54 Town Watch
54:31 Bodkin Arrow
54:52 Leather Archer Armor
58:07 Imperial Age
55:40 Town Patrol
61:12 Warwolf
65:40 Squires
65:00 Pikeman
68:11 Elite Skirmisher
F1TRACER
14:29 Feudal Age
15:32 Horse Collar
15:43 Double-Bit Axe
20:58 Wheelbarrow
24:57 Castle Age
26:35 Hand Cart
26:36 Bow Saw
27:34 Gold Mining
35:56 Imperial Age
36:27 Heavy Plow
38:26 Chemistry
38:15 Conscription
42:10 Two-Man Saw
41:04 Stone Mining
45:34 Stone Shaft Mining
46:14 Fletching
45:51 Light Cavalry
48:55 Silk Road
57:22 Onager
57:24 Capped Ram
67:01 Pikeman
68:41 Elite Skirmisher
HeroCauldron
4:17 Loom
11:49 Feudal Age
13:42 Horse Collar
13:50 Double-Bit Axe
17:11 Fletching
27:48 Castle Age
26:51 Padded Archer Armor
28:05 Light Cavalry
28:55 Bloodlines
28:10 Crossbowman
28:56 Thumb Ring
34:58 Heavy Plow
35:26 Ballistics
35:32 Husbandry
37:39 Forging
39:34 Scale Barding Armor
43:48 Imperial Age
43:21 Bow Saw
43:59 Iron Casting
43:20 Bodkin Arrow
44:14 Gold Mining
44:14 Stone Mining
47:09 Bodkin Arrow
47:32 Leather Archer Armor
49:14 Bracer
50:03 Murder Holes
59:01 Winged Hussar
61:08 Chemistry
Abdusancak
6:31 Loom
14:04 Feudal Age
22:28 Castle Age
21:25 Fletching
22:15 Double-Bit Axe
26:10 Crossbowman
32:11 Gold Mining
32:34 Bow Saw
32:35 Horse Collar
33:13 Bodkin Arrow
33:20 Padded Archer Armor
35:21 Leather Archer Armor
35:39 Thumb Ring
38:47 Imperial Age
40:54 Chemistry
40:15 Ballistics
39:40 Arbalester
40:04 Capped Ram
42:35 Gold Shaft Mining
41:53 Stone Mining
42:08 Heavy Plow
45:43 Bracer
48:00 Ring Archer Armor
48:08 Conscription
49:38 Stone Shaft Mining
52:45 Elite Karambit Warrior
54:34 Elite Karambit Warrior
57:23 Cavalier
58:05 Husbandry
59:45 Scale Barding Armor
59:50 Forging
61:53 Iron Casting
63:26 Elite Battle Elephant
65:49 Wheelbarrow
65:01 Town Watch
68:05 Elite Skirmisher
68:11 Light Cavalry
Connection lost

Rejoining the realm…

Still unreachable

The connection could not be restored.

Session expired

The server has moved on; the page needs a fresh start.